 Dungeon Crawl Stone Soup version 0.30-a0-613-gdd512c7efb (webtiles) character file.

Game seed: 9109787783065755496

52 Vylera the Slasher (level 3, -3/27 HPs)
             Began as a Demonspawn Gladiator on Jan 9, 2023.
             Was a Believer of Ru.
             Slain by a hobgoblin (4 damage)
             ... led by Robin
             ... on level 2 of the Dungeon.
             The game lasted 00:04:14 (1206 turns).

Vylera the Slasher (Demonspawn Gladiator)           Turns: 1206, Time: 00:04:14

Health: -3/27      AC:  4    Str: 14    XL:     3   Next: 60%
Magic:  3/3        EV: 12    Int:  9    God:    Ru [**....]
Gold:   64         SH:  0    Dex: 16    Spells: 2/2 levels left

rFire   . . .      SeeInvis .    a - +0 long sword
rCold   . . .      Faith    +    (no shield)
rNeg    . . .      Spirit   .    b - +0 leather armour
rPois   .          Reflect  .    c - +0 helmet
rElec   .          Harm     .    g - scarf {repulsion}
rCorr   .          Rampage  .    (no gloves)
Will    .....                    (no boots)
Stlth   +                        k - amulet of faith
HPRegen 0.24/turn                (no ring)
MPRegen 0.08/turn                (no ring)

@: repel missiles
A: hooves 1, inability to use devices
a: Renounce Religion


You were on level 2 of the Dungeon.
You worshipped Ru.
Ru was pleased with you.
You visited 1 branch of the dungeon, and saw 2 of its levels.

You collected 64 gold pieces.

Inventory:

Hand Weapons
 a - a +0 long sword (weapon)
Missiles
 d - 3 throwing nets (quivered)
 e - 4 javelins
 h - 5 poisoned darts
Armour
 b - a +0 leather armour (worn)
 c - a +0 helmet (worn)
 g - a scarf of repulsion (worn)
Jewellery
 k - an amulet of faith (around neck)
Scrolls
 j - a scroll of silence {unknown}
 l - a scroll of amnesia {unknown}
 m - a scroll of summoning {unknown}
 n - a scroll of teleportation {unknown}


   Skills:
 - Level 2.0 Fighting
 + Level 4.2 Long Blades
 - Level 1.7 Throwing
 - Level 2.6 Dodging


You had 2 spell levels left.
You didn't know any spells.
Your spell library was empty.

Dungeon Overview and Level Annotations

Branches:
Dungeon (2/15)

Altars:
Ru

Annotations:
D:2 Robin


Innate Abilities, Weirdness & Mutations

You have large cloven feet.
You cannot study or use magical devices.


Message History

7 goblins come into view.
The goblin shouts! x5; The hobgoblin shouts! x2; The goblin shouts!
Robin throws the goblin at you! The goblin hits you with a +0 club.
You miss the goblin.
The goblin shouts!
Robin roars a battlecry!
The goblins go into a battle-frenzy!
The hobgoblin closely misses you. The goblin barely misses you.
The goblin hits you with a +0 dagger.
It was a potion of curing.
You feel better. The goblin completely misses you. The goblin misses you.
The hobgoblin hits you. The goblin hits you with a +0 dagger.
You focus your inner power and illuminate the goblin in retribution!
Robin says, "Duck!"
Robin throws the goblin at you!
The air fills with toxic fumes!
As you read the scroll labelled SOWISTR DEISHYO, it crumbles to dust.
It was a scroll of poison.
The goblin closely misses you. The goblin hits you with a +0 club.
The goblin closely misses you.
The hobgoblin hits you but does no damage.
You redirect the goblin's attack!
The goblin barely misses the goblin.
Unknown command.
You closely miss the goblin. You kick the goblin.
The goblin is heavily wounded.
Robin begins to attack, but is stunned by your conviction!
The goblin closely misses you. The goblin hits you with a +0 club.
* * * LOW HITPOINT WARNING * * *
The goblin hits you with a +0 dagger.
* * * LOW HITPOINT WARNING * * *
The hobgoblin is stunned by your conviction and fails to attack.
The goblin barely misses you.
The goblin is stunned by your conviction and fails to attack.
Unknown command.
You closely miss the goblin. You kick the goblin.
You kill the goblin!
The goblin hits you with a +0 club.
* * * LOW HITPOINT WARNING * * *
The hobgoblin hits you.
You die...

.### .##.
.#####..>§§§§§§§§# §#
.......##§§§§§§§§####§#
.#...#...§§§§§§g§§§§§§##
.......#.##§§§§§§§§§§§§§
.........§§§§§g§§§g§§§#
.....#.#.#§§§§§§gggg§§##
.#.###.#.#.#§§§ggggg§§§#
.........#.#§§§g@#
.......###.#####)####
.#####.........§§§..#
....##..##.##.§#§##.#
[##.##..##.##§§#§# #
.##.##..##..§§.#§§
...÷....#####§#####
............§.#
.##.##.########


You could see Robin, 4 hobgoblins and 8 goblins.

Vanquished Creatures
  2 adders (D:2)
  3 ball pythons
  2 bats (D:1)
  4 endoplasms
  3 giant cockroaches
  3 goblins
  4 hobgoblins
  2 jackals (D:2)
  4 kobolds
  A quokka (D:2)
  2 frilled lizards (D:1)
  A rat (D:1)
31 creatures vanquished.

Notes
Turn   | Place    | Note
-------+----------+-------------------------------------------
     0 | D:1      | Vylera the Demonspawn Gladiator began the quest for the
                  | Orb.
     0 | D:1      | Reached XP level 1. HP: 16/16 MP: 1/1
   166 | D:1      | Reached skill level 3 in Long Blades
   258 | D:1      | Gained mutation: You have large cloven feet. [demonic
                  | ancestry]
   258 | D:1      | Reached XP level 2. HP: 14/22 MP: 2/2
   673 | D:1      | Found a faded altar of an unknown god.
   677 | D:1      | Prayed at the altar of an unknown god.
   677 | D:1      | Became a worshipper of Ru the Awakened
   688 | D:1      | Gained mutation: You cannot study or use magical devices.
                  | [Ru sacrifice]
   688 | D:1      | Reached * piety under Ru
   688 | D:1      | Reached ** piety under Ru
   858 | D:2      | Reached XP level 3. HP: 27/27 MP: 3/3
   897 | D:2      | Reached skill level 4 in Long Blades
  1199 | D:2      | Noticed Robin
  1206 | D:2      | HP: 1/27 [goblin/+0 club[Robin] (6)]
  1206 | D:2      | Slain by a hobgoblin

Illustrated notes

Levels and vault maps discovered:
D:1:      minmay_arrival_solitary_statue, layout_basic,
          nicolae_ecumenical_lake_church
D:2:      layout_loops_cross, minmay_misc_feat_encased, minmay_misc_feat_chi,
          uniq_robin

Skill      XL: |  1  2  3 |
---------------+----------+-----
Long Blades    | 3 4 |  4.2
Fighting       | |  2.0
Throwing       | |  1.7
Dodging        | |  2.6

Action                   || total
-------------------------++-------
Melee: Long sword        ||    90
       Kick              ||    19
       Punch             ||     1
Invok: Sacrifice Artific ||     1
  Use: Scroll            ||     1
       Potion            ||     1
 Stab: Distracted        ||     1
Armor: Leather armour    ||    30
Dodge: Dodged            ||    84

Table legend: (Time is in decaauts)
 A = Elapsed time spent in this place.
 B = Non-inter-level travel time spent in this place.
 C = Inter-level travel time spent in this place.
 D = Time resting spent in this place.
 E = Time spent auto-exploring this place.
 F = Levels seen in this place.
 G = Mean time per level.
                   A        B        C        D        E       F      G
               +--------+--------+--------+--------+--------+-----+--------+
         Total |   1228 |   1200 |     28 |      0 |    961 |   2 |  614.0 |
       Dungeon |   1228 |   1200 |     28 |      0 |    961 |   2 |  614.0 |
               +--------+--------+--------+--------+--------+-----+--------+

Top non-repeatable levels by time:
     D:1: 856 daAuts
     D:2: 372 daAuts
